Map: Newkirk Precinct TE (Void)

Players

Musumeci

  • Race: Zerg Zerg
  • League: Diamond
  • Spawn Location: 5:00

baayii - Winner!

  • Race: Protoss Protoss
  • League: Diamond
  • Spawn Location: 7:00

VOD

Have the link to the VOD?

Description

Time

  • Played on: Jan. 23, 2017, 4:57 p.m.
  • Length: 9:01
Show
View Real Time Build Order
Export as new Build Order

Musumeci Zerg 

Build Orders: Hatch First 

Get SALT Encoding   

  12  0:01  Drone  
  13  0:11  Drone  
  14  0:14  Extractor  
  14  0:16  Drone  
  15  0:40  Hatchery  
  14  0:45  Extractor  
  14  0:47  Drone  
  15  1:08  Spawning Pool  
  14  1:40  Extractor  
  13  2:22  Queen x2  
  14  2:32  Spine Crawler  
  14  2:35  Drone x5  
  18  2:39  Drone  
  19  2:44  Extractor  
  19  2:49  Drone  
  19  3:08  Spine Crawler  
  18  3:24  Zergling x2  
  18  3:25  Zergling x2  
  16  3:50  Queen  
  14  4:08  Zergling x4  
  14  4:16  Drone x5  
  18  4:48  Drone  
  18  4:50  Metabolic Boost  
  19  5:02  Overlord  
  16  5:34  Zergling x22  
  24  6:04  Drone x5  
  27  6:20  Drone x3  
  24  6:41  Drone x2  
  24  6:42  Drone x2  
  27  7:28  Hatchery  
  26  7:30  Drone  
  26  7:32  Overlord  
  26  7:33  Overlord  
  27  7:47  Drone  
  28  7:59  Drone  
  28  8:00  Drone x12  
  28  8:04  Extractor  
  40  8:14  Extractor  
  40  8:16  Extractor  
  38  8:20  Overlord  
  38  8:29  Overlord  
Show
View Real Time Build Order
Export as new Build Order

baayii Protoss - Winner!

Build Orders:  

Get SALT Encoding   

  12  0:02  Probe (Chrono Boost)  
  13  0:12  Probe (Chrono Boost)  
  14  0:19  Pylon  
  14  0:23  Probe (Chrono Boost)  
  15  0:37  Probe (Chrono Boost)  
  15  0:39  Gateway  
  16  0:45  Assimilator  
  17  0:50  Probe (Chrono Boost)  
  17  1:00  Probe (Chrono Boost)  
  18  1:08  Forge  
  18  1:11  Probe (Chrono Boost)  
  19  1:27  Pylon  
  19  1:35  Probe (Chrono Boost)  
  20  1:44  Cybernetics Core  
  20  1:45  Photon Cannon  
  20  1:50  Pylon  
  20  1:56  Pylon  
  20  2:00  Probe (Chrono Boost)  
  20  2:11  Probe (Chrono Boost)  
  21  2:22  Probe (Chrono Boost)  
  22  2:27  Assimilator  
  22  2:28  Warp Gate  
  22  2:31  Adept  
  24  2:38  Photon Cannon  
  24  2:40  Pylon  
  24  2:46  Probe (Chrono Boost)  
  25  2:58  Probe (Chrono Boost)  
  26  3:00  Photon Cannon  
  27  3:12  Probe (Chrono Boost)  
  27  3:20  Photon Cannon  
  27  3:22  Pylon  
  27  3:25  Probe (Chrono Boost)  
  28  3:37  Probe (Chrono Boost)  
  30  3:49  Probe (Chrono Boost)  
  30  4:01  Probe (Chrono Boost)  
  31  4:11  Adept  
  31  4:13  Probe (Chrono Boost)  
  31  4:15  Nexus  
  35  4:25  Probe (Chrono Boost)  
  35  4:35  Pylon  
  35  4:37  Probe (Chrono Boost)  
  36  4:40  Robotics Facility  
  36  4:49  Protoss Ground Weapons Level 1, Probe (Chrono Boost)  
  37  4:55  Gateway  
  38  5:00  Gateway x2  
  38  5:01  Probe (Chrono Boost)  
  38  5:13  Probe (Chrono Boost)  
  39  5:31  Probe (Chrono Boost)  
  39  5:32  Probe (Chrono Boost)  
  41  5:48  Immortal  
  45  5:53  Probe x2 (Chrono Boost)  
  45  5:55  Assimilator  
  47  5:58  Adept  
  47  5:59  Adept  
  47  6:00  Adept x2  
  55  6:07  Pylon  
  55  6:09  Probe (Chrono Boost)  
  55  6:10  Mothership Core (Chrono Boost)  
  58  6:18  Pylon  
  58  6:21  Probe (Chrono Boost)  
  58  6:22  Sentry  
  58  6:23  Pylon  
  61  6:35  Sentry  
  63  6:46  Assimilator, Probe (Chrono Boost)  
  63  6:47  Pylon  
  60  6:58  Probe x2 (Chrono Boost)  
  62  7:01  Nexus  
  62  7:02  Adept, Pylon, Protoss Ground Armor Level 1  
  62  7:03  Adept x2  
  62  7:04  Adept  
  62  7:05  Warp Prism  
  72  7:10  Probe (Chrono Boost)  
  72  7:14  Photon Cannon  
  73  7:20  Pylon  
  72  7:31  Adept  
  72  7:32  Adept, Probe x2 (Chrono Boost)  
  78  7:37  Pylon  
  78  7:40  Stalker x2  
  82  7:47  Photon Cannon  
  82  7:54  Probe (Chrono Boost)  
  82  7:55  Probe (Chrono Boost)  
  84  8:00  Twilight Council  
  84  8:09  Probe (Chrono Boost)  
  84  8:10  Probe (Chrono Boost)  
  86  8:14  Photon Cannon  
  86  8:15  Pylon  
  86  8:19  Gateway  
  86  8:20  Adept  
  86  8:21  Adept  
  86  8:23  Adept  
  86  8:25  Adept  
  94  8:49  Adept x3  
  94  8:50  Adept  
Tags
 
Add a new tag
Caveats
  • Supply blocks, unpowered buildings, or Contaminate may cause inaccurate times.
  • Supply counts are checked every 10 seconds.